 Dungeon Crawl Stone Soup version 0.31-a0-246-g8cbcc1cb85 (webtiles) character file.

Game seed: 10013425291456156742

22 qw the Shooter (level 2, -1/24 HPs)
             Began as a Minotaur Hexslinger on July 12, 2023.
             Slain by a kobold
             ... wielding a +0 dagger
              (4 damage)
             ... on level 1 of the Dungeon.
             The game lasted 00:00:09 (259 turns).

qw the Shooter (Minotaur Hexslinger)                 Turns: 259, Time: 00:00:09

Health: -1/24      AC:  2    Str: 12    XL:     2   Next: 68%
Magic:  2/2        EV: 12    Int: 10    God:
Gold:   58         SH:  0    Dex: 12    Spells: 2/3 levels left

rFire   . . .        a - +1 sling
rCold   . . .        (no shield)
rNeg    . . .        c - +0 robe
rPois   .            (helmet restricted)
rElec   .            (no cloak)
rCorr   .            (no gloves)
SInv    .            (no boots)
Will    .....        (no amulet)
Stlth   +            (no ring)
HPRegen 0.24/turn    (no ring)
MPRegen 0.08/turn

%: no passive effects
@: no status effects
A: horns 2, retaliatory headbutt
a: no special abilities


You were on level 1 of the Dungeon.
You visited 1 branch of the dungeon, and saw 1 of its levels.

You collected 58 gold pieces.


Innate Abilities, Weirdness & Mutations

You have a pair of horns on your head.
You reflexively headbutt those who attack you in melee.


   Skills:
 - Level 2.0 Fighting
 + Level 3.3 Ranged Weapons
 - Level 2.1 Dodging
 - Level 1.0 Spellcasting
 - Level 2.0 Hexes


You had 2 spell levels left.
You knew the following spells:

 Your Spells              Type           Power      Damage    Failure   Level
a - Slow                  Hex            16%        N/A       16%         1

Your spell library contained the following spells:

 Spells                   Type           Power      Damage    Failure   Level
 Inner Flame              Hex/Fire       2%         N/A       56%         3
 Portal Projectile        Hex/Tloc       4%         N/A       56%         3
 Cause Fear               Hex            2%         N/A       83%         4

Inventory:

Hand Weapons
 a - a +1 sling (weapon)
Armour
 c - a +0 robe (worn)
 f - a +0 leather armour
Scrolls
 b - a scroll of poison
 d - 2 scrolls of blinking {unknown}
 g - a scroll of vulnerability {unknown}
Potions
 e - a potion of lignification {unknown}

Dungeon Overview and Level Annotations

Branches:
Dungeon (1/15)

Altars:


Message History

You kill the jackal!
The jackal bites you. The jackal closely misses you.
You shoot a sling bullet. The sling bullet hits the jackal.
The jackal is almost dead.
The jackal barely misses you. The jackal closely misses you.
The jackal bites you. The goblin hits you with a +0 dagger.
You shoot a sling bullet.
The sling bullet hits the jackal but does no damage.
The jackal is almost dead.
The jackal misses you. The jackal bites you.
The goblin hits you with a +0 dagger. The jackal completely misses you.
The jackal closely misses you.
You shoot a sling bullet. The sling bullet hits the jackal.
You kill the jackal!
The jackal barely misses you. The goblin hits you with a +0 dagger.
You shoot a sling bullet. The sling bullet hits the jackal.
The jackal is heavily wounded.
The jackal barely misses you. You furiously retaliate!
You headbutt the jackal!
You kill the jackal!
The goblin barely misses you. The kobold hits you but does no damage.
You shoot a sling bullet.
The sling bullet hits the goblin but does no damage.
The kobold closely misses you.
The goblin hits you with a +0 dagger. x2
The kobold hits you with a +0 dagger.
You shoot a sling bullet. The sling bullet hits the goblin.
You kill the goblin!
The kobold hits you with a +0 dagger.
You shoot a sling bullet.
The sling bullet closely misses the kobold.
The kobold hits you with a +0 dagger.
You shoot a sling bullet.
The sling bullet closely misses the kobold.
The kobold hits you but does no damage.
You shoot a sling bullet.
The sling bullet barely misses the kobold.
The kobold hits you with a +0 dagger.
You shoot a sling bullet.
The sling bullet barely misses the kobold.
The kobold hits you with a +0 dagger.
You die...

#...###..#.######
#...............#
#..........####.#
##..##.###### #.#
... #. #.# ..##.
###.# ... #...#
.#..##K#######.###
......%@..%....#
......)...######
.#.#.#.#..#
#......# ........#
..#..##### . ##.
#.


You could see a kobold.

Vanquished Creatures
  A dart slug (D:1)
  3 endoplasms (D:1)
  3 goblins (D:1)
  A hobgoblin (D:1)
  4 jackals (D:1)
  2 ball pythons (D:1)
  2 bats (D:1)
  A kobold (D:1)
  2 rats (D:1)
19 creatures vanquished.

Notes
Turn   | Place    | Note
-------+----------+-------------------------------------------
     0 | D:1      | qw the Minotaur Hexslinger began the quest for the Orb.
     0 | D:1      | Reached XP level 1. HP: 16/16 MP: 1/1
     0 | D:1      | 0 ||| qw: Version: 0.3-a-52-g30416fa
     0 | D:1      | 0 ||| qw: Game counter: 6327
     0 | D:1      | 0 ||| qw: Melee chars always use a shield: true
     0 | D:1      | 0 ||| qw: God list: Okawaru
     0 | D:1      | 0 ||| qw: Allow faded altars: false
     0 | D:1      | 0 ||| qw: Do Orc after clearing Dungeon:15 true
     0 | D:1      | 0 ||| qw: Do second Lair branch before Depths: true
     0 | D:1      | 0 ||| qw: Lair rune preference: random
     0 | D:1      | 0 ||| qw: Goals: Normal
     0 | D:1      | 0 ||| PLANNING D:1-11
   165 | D:1      | Reached skill level 3 in Ranged Weapons
   177 | D:1      | Reached XP level 2. HP: 23/23 MP: 2/2
   256 | D:1      | HP: 4/24 [kobold/+0 dagger (4)]
   259 | D:1      | Slain by a kobold

Levels and vault maps discovered:
D:1:      eino_arrival_druids_welcome, layout_basic

Skill      XL: |  1  2 |
---------------+-------+-----
Ranged Weapons | 3 |  3.3
Fighting       | 2 |  2.0
Dodging        | |  2.1
Spellcasting   | |  1.0
Hexes          | |  2.0

Action                     || total
---------------------------++-------
   Fire: Sling             ||    46
 Armour: Robe              ||     2
  Dodge: Dodged            ||    15

Table legend:
 A = Non-vault XP
 B = Vault XP
 C = Vault XP percentage of total XP
 D = Non-vault monster count
 E = Vault monster count
 F = Vault count percentage of total count
                 A         B        C        D         E       F
            +---------+---------+-------+---------+---------+-------
      Total |      32 |       0 |   0.0 |      19 |       0 |   0.0
            +---------+---------+-------+---------+---------+-------
        D:1 |      32 |       0 |   0.0 |      19 |       0 |   0.0
            +---------+---------+-------+---------+---------+-------
